 Dungeon Crawl Stone Soup version 0.30.1-11-g7821555f0a (webtiles) character file.

Game seed: 957959778106643880

3248 Glitchless the Basher (level 9, -2/85 HPs)
             Began as a Gargoyle Berserker on Dec 9, 2023.
             Was a Priest of Trog.
             Slain by mangeymoose's ghost (4 damage)
             ... on level 6 of the Dungeon.
             The game lasted 00:21:06 (6813 turns).

Glitchless the Basher (Gargoyle Berserker)          Turns: 6813, Time: 00:21:07

Health: -2/85      AC: 13    Str: 25    XL:     9   Next: 99%
Magic:  9/9        EV: 12    Int:  8    God:    Trog [***...]
Gold:   426        SH:  0    Dex:  9    Spells: 8/8 levels left

rFire   . . .        s - +5 flail
rCold   + . .        (no shield)
rNeg    + + .        i - +1 leather armour
rPois   ∞            (no helmet)
rElec   +            w - +0 cloak
rCorr   .            (no gloves)
SInv    .            a - +0 pair of boots
Will    ++...        (no amulet) Stlth
                     f - ring of protection from cold
HPRegen 1.34/turn    p - ring of positive energy
MPRegen 0.11/turn

%: no passive effects
@: berserking, strong-willed, regenerating, hasted (expiring), very quick
A: sickness immunity, AC +6, negative energy resistance 1, electricity
resistance, torment resistance 1, petrification resistance
a: Renounce Religion, Berserk, Trog's Hand


You were on level 6 of the Dungeon.
You worshipped Trog.
Trog was most pleased with you.
You visited 1 branch of the dungeon, and saw 6 of its levels.
You also visited: Ossuary.

You collected 526 gold pieces.
You spent 100 gold pieces at shops.

Inventory:

Hand Weapons
 d - the +9 staff of Olgreb {rPois∞}
   (You found it on level 5 of the Dungeon)

   It enhances your poison magic.
   It grants immunity to poison.
   It can be activated via the 'a'bility menu to radiate toxic energy, with
   effectiveness depending on Evocations skill.
   Trog disapproves of the use of such an item.
 s - a +5 flail (weapon)
Missiles
 g - 3 throwing nets (quivered)
Armour
 a - a +0 pair of boots (worn)
 i - a +1 leather armour (worn)
 w - a +0 cloak (worn)
Jewellery
 f - a ring of protection from cold (left hand)
 p - a ring of positive energy (right hand)
Wands
 e - a wand of digging (7)
 m - a wand of roots (8)
 o - a wand of flame (27)
 r - a wand of acid (6)
Scrolls
 b - a scroll of silence
 n - 2 scrolls of teleportation
 v - a scroll of fear
Potions
 c - a potion of haste
 h - 2 potions of flight
 j - a potion of might
 l - 4 potions of heal wounds
 t - 3 potions of resistance
 u - a potion of ambrosia {unknown}


   Skills:
 * Level 7.4 Fighting
 * Level 10.2 Maces & Flails
 * Level 5.9 Armour
 * Level 4.9 Dodging


You had 8 spell levels left.
You didn't know any spells.
Your spell library contained the following spells:

 Spells                   Type           Power      Damage    Failure   Level
 Shock                    Conj/Air       0%         1d3       43%         1
 Swiftness                Air            0%         N/A       82%         3
 Airstrike                Air            0%         2d(0-16)  99%         4


Dungeon Overview and Level Annotations

Branches:
Dungeon (6/15)            Ossuary (visited)
 Temple: D:4-7

Altars:
Dithmenos
Sif Muna
Zin

Shops:
D:5 *   D:6 !

Annotations:
D:6 mangeymoose's ghost, novice MiBe


Innate Abilities, Weirdness & Mutations

You are immune to sickness and miasma.
Your stone body is resilient. (AC +6)
You are immune to poison.
You resist negative energy. (rN+)
You are resistant to electric shocks. (rElec)
You are resistant to unholy torment.
You are immune to petrification.


Message History

You hear a shout!
Found a dagger.
Found a roughly hewn altar of Beogh.
The orc shouts!
The orc priest shouts!
Mangeymoose's ghost whispers, "They're coming for you..."
Okay, then.
You feel yourself speed up.
You open the gate.
The orc throws a boomerang.
The boomerang misses you.
The orc throws a boomerang.
The boomerang closely misses you. The orc hits you but does no damage.
You thump the orc!
You kill the orc!
Trog accepts your kill.
You hit mangeymoose's ghost but do no damage.
Mangeymoose's ghost hits you!
You hit mangeymoose's ghost but do no damage.
You closely miss mangeymoose's ghost. Mangeymoose's ghost hits you!!
You sock mangeymoose's ghost!
Mangeymoose's ghost is lightly damaged.
Your skin crawls.
You feel strong-willed.
Your extra speed is starting to run out.
Mangeymoose's ghost hits you!!
* * * LOW HITPOINT WARNING * * *
A red film seems to cover your vision as you go berserk!
You feel yourself moving faster!
You feel mighty!
You can no longer call in reinforcements.
Mangeymoose's ghost hits you!
* * * LOW HITPOINT WARNING * * *
You hit mangeymoose's ghost but do no damage.
Mangeymoose's ghost is lightly damaged.
You bludgeon mangeymoose's ghost!!
Mangeymoose's ghost is heavily damaged.
Mangeymoose's ghost hits you!
* * * LOW HITPOINT WARNING * * *
You hit mangeymoose's ghost but do no damage.
Mangeymoose's ghost is heavily damaged.
Mangeymoose's ghost hits you.
You die...

#.#.....######.##..8
##>.............##...
#...............##...
#.##)#########..##...
#.##.# ##.##...
#.##.##########......
#.##.##......oW......
#.##.##§#.....o.o....
#.##@#§§§#§.....o....
#.###W#§#§#§.........
#.#.§§§§§§§....####..
#.#§#.#§#§#....# #..
#.#.§#§§§#.....####..
#.##.§#§#............
#.##................8
#.##.########........
#.##.# #.......)


You could see mangeymoose's ghost.

Vanquished Creatures
  The ghost of bnorton916 the Thaumaturge, a novice DECj of Vehumet (D:5)
  Sigmund (D:6)
  Eustachio (D:6)
  3 vampire mosquitoes (D:6)
  A wyvern (D:5)
  A steam dragon (D:4)
  2 black bears
  An ice beast (D:6)
  2 ogres (D:6)
  2 phantoms
  3 elf zombies (Ossuary)
  Blork the orc (D:6)
  2 scorpions
  5 centaur zombies (Ossuary)
  2 hounds (D:6)
  4 human zombies (Ossuary)
  3 orc priests
  A sleepcap (D:6)
  4 jellies
  Terence (D:3)
  3 iguanas (D:5)
  4 orc wizards
  3 mummies (Ossuary)
  8 gnolls
  3 adders
  2 white imps (D:6)
  2 ufetubi (D:6)
  3 dart slugs
  24 orcs
  5 bats
  7 endoplasms
  4 giant cockroaches
  6 goblins
  9 hobgoblins
  13 jackals
  4 quokkas
  3 ball pythons
  5 frilled lizards
  5 kobolds
  12 rats
166 creatures vanquished.

Notes
Turn   | Place    | Note
-------+----------+-------------------------------------------
     0 | D:1      | Glitchless the Gargoyle Berserker began the quest for the
                  | Orb.
     0 | D:1      | Reached XP level 1. HP: 14/14 MP: 1/1
   139 | D:1      | Reached XP level 2. HP: 19/19 MP: 2/2
   492 | D:1      | Reached ** piety under Trog
   495 | D:1      | Reached XP level 3. HP: 24/24 MP: 3/3
  1065 | D:2      | Reached XP level 4. HP: 29/29 MP: 4/4
  1066 | D:2      | Reached skill level 4 in Maces & Flails
  1080 | D:2      | HP: 1/29 [gnoll/+2 antimagic halberd (11)]
  1588 | D:2      | Reached XP level 5. HP: 33/33 MP: 5/5
  2038 | D:3      | Reached skill level 5 in Maces & Flails
  2038 | D:3      | Reached XP level 6. HP: 22/39 MP: 6/6
  2217 | D:3      | Reached *** piety under Trog
  2396 | D:3      | Noticed Terence
  2429 | D:3      | Killed Terence
  2499 | D:3      | Identified the +4 quarterstaff "Xeharal" {pain, SInv}
  2683 | D:3      | You fall into a shaft and drop 1 floor!
  2811 | D:4      | Found a sand-covered staircase.
  2851 | Ossuary  | Entered an ossuary
  2887 | Ossuary  | Reached XP level 7. HP: 26/44 MP: 7/7
  2918 | Ossuary  | Reached skill level 6 in Maces & Flails
  3020 | Ossuary  | Reached skill level 5 in Fighting
  3153 | Ossuary  | Reached **** piety under Trog
  3178 | Ossuary  | Reached XP level 8. HP: 29/49 MP: 8/8
  3191 | Ossuary  | Reached skill level 7 in Maces & Flails
  3424 | D:4      | Found a transporter.
  3448 | D:4      | Found a transporter.
  3974 | D:5      | Entered Level 5 of the Dungeon
  3980 | D:5      | Found a transporter.
  3980 | D:5      | Found the +9 staff of Olgreb {rPois∞}
  4107 | D:5      | Noticed bnorton916's ghost (novice DECj)
  4109 | D:5      | Found a transporter.
  4265 | D:5      | Found a shimmering blue altar of Sif Muna.
  4321 | D:5      | Found Dycaifu's Overcharged Wands.
  4334 | D:5      | Found a glowing silver altar of Zin.
  4989 | D:5      | Noticed a wyvern
  4996 | D:5      | Killed a wyvern
  4997 | D:5      | Reached skill level 8 in Maces & Flails
  5421 | D:5      | Killed bnorton916's ghost
  5422 | D:5      | Reached XP level 9. HP: 47/56 MP: 9/9
  5430 | D:5      | Reached skill level 5 in Armour
  5523 | D:6      | Reached skill level 9 in Maces & Flails
  5636 | D:6      | Found a shadowy altar of Dithmenos.
  5696 | D:6      | Noticed Blork the orc
  5711 | D:6      | Killed Blork the orc
  5813 | D:6      | Noticed mangeymoose's ghost (novice MiBe)
  6216 | D:6      | Noticed Sigmund
  6224 | D:6      | Killed Sigmund
  6225 | D:6      | Reached skill level 10 in Maces & Flails
  6329 | D:6      | Noticed Eustachio
  6339 | D:6      | Killed Eustachio
  6399 | D:6      | Found Xiggeodi's Distillery.
  6402 | D:6      | Bought a potion of heal wounds for 50 gold pieces
  6402 | D:6      | Bought a potion of heal wounds for 50 gold pieces
  6419 | D:6      | Found a runed translucent gate.
  6420 | D:6      | Found a runed translucent gate.
  6421 | D:6      | Found a runed translucent gate.
  6812 | D:6      | HP: 2/85 [mangeymoose's ghost (13)]
  6813 | D:6      | Slain by mangeymoose's ghost

Illustrated notes

Levels and vault maps discovered:
D:1:      psy_arrival_spokes, layout_basic
D:2:      layout_basic, cheibrodos_gnoll_hut
D:3:      cheibrodos_pilgrimage, layout_loops_ring, grunt_ministairs_11,
          uniq_terence
D:4:      gammafunk_wand_slinger, layout_rooms, chequers_ossuary_entry_cave
D:5:      layout_layer_cave, kennysheep_orc_sif_temple,
          mainiacjoe_overflow_tiny_flanked, gammafunk_ghost_arena,
          nicolae_shop_overcharged_wands
D:6:      layout_basic, grunt_dithmenos_smoke_and_mirrors, serial_shops,
          kennysheep_mini, biasface_ghost_orc_armoury, uniq_eustachio,
          uniq_blork_the_orc, uniq_sigmund

Skill      XL: |  1  2  3  4  5  6  7  8  9 |
---------------+----------------------------+-----
Fighting       | 4 5 6 7 |  7.4
Maces & Flails | 4 5 6 8 10 | 10.2
Dodging        | 2 3 4 |  4.9
Armour         | 3 4 5 |  5.9

Action                     |  1- 3 |  4- 6 |  7- 9 || total
---------------------------+-------+-------+-------++-------
  Melee: Mace              |   105 |   246 |   176 ||   527
         Punch             |     1 |     2 |     3 ||     6
         Flail             |       |       |   199 ||   199
 Invoke: Berserk           |     1 |     2 |     5 ||     8
         Trog's Hand       |       |     1 |     5 ||     6
    Use: Scroll            |     5 |     5 |    10 ||    20
         Potion            |       |     2 |     4 ||     6
 Armour: Animal skin       |    14 |       |       ||    14
         Leather armour    |    24 |    99 |   192 ||   315
  Dodge: Dodged            |    83 |   171 |   208 ||   462
